Map: Catallena LE (Void)

Players

Cuervo - Winner!

  • Race: Zerg Zerg
  • Spawn Location: 9:00

robbygold

  • Race: Protoss Protoss
  • League: Gold
  • Spawn Location: 5:00

VOD

Have the link to the VOD?

Description

Time

  • Played on: Sept. 21, 2017, 9:40 a.m.
  • Length: 12:58
Show
View Real Time Build Order
Export as new Build Order

Cuervo Zerg - Winner!

Build Orders: Pool First 

Get SALT Encoding   

  12  0:01  Drone  
  13  0:13  Overlord  
  13  0:18  Drone  
  14  0:32  Drone x2  
  16  0:38  Drone  
  17  0:45  Spawning Pool  
  17  0:50  Drone  
  17  1:11  Hatchery  
  17  1:16  Drone  
  17  1:18  Extractor  
  17  1:20  Drone  
  17  1:22  Drone  
  18  1:32  Drone  
  19  1:36  Queen  
  21  1:43  Overlord  
  21  1:55  Zergling x2  
  22  2:03  Zergling x2  
  23  2:11  Queen  
  25  2:28  Queen  
  27  2:39  Hatchery  
  26  2:46  Drone x3  
  26  2:47  Drone x2  
  31  3:02  Drone x3  
  31  3:03  Drone  
  35  3:20  Drone  
  35  3:24  Overlord x3  
  36  3:41  Queen  
  36  3:43  Extractor  
  36  3:47  Drone x7  
  44  3:48  Extractor  
  44  3:54  Extractor  
  41  4:18  Drone x9  
  41  4:21  Drone  
  41  4:22  Drone x2  
  53  4:40  Evolution Chamber  
  52  4:47  Metabolic Boost  
  52  4:49  Evolution Chamber  
  52  4:50  Drone  
  52  4:51  Drone  
  52  4:52  Overlord x2  
  53  5:00  Drone  
  53  5:01  Roach Warren, Drone x9  
  62  5:14  Roach Warren  
  61  5:24  Drone x4  
  61  5:25  Drone x2  
  67  5:36  Zerg Missile Weapons Level 1  
  67  5:37  Zerg Ground Armor Level 1  
  67  5:38  Overlord x2  
  67  5:42  Drone x2  
  69  6:00  Roach  
  69  6:01  Roach x8  
  69  6:03  Hatchery  
  86  6:15  Lair  
  88  6:40  Roach x5  
  88  6:42  Extractor  
  95  6:55  Roach  
  94  7:11  Roach  
  96  7:18  Roach  
  96  7:19  Roach x2  
  96  7:21  Overlord x9  
  96  7:22  Overlord x6  
  102  7:32  Infestation Pit, Queen  
  104  7:39  Hydralisk Den  
  102  7:55  Ravager  
  103  8:16  Hydralisk x5  
  103  8:18  Hydralisk x3  
  120  8:27  Drone x9  
  120  8:30  Overseer  
  130  8:34  Roach x3  
  130  8:37  Zerg Missile Weapons Level 2  
  130  8:38  Zerg Ground Armor Level 2  
  134  8:41  Muscular Augments  
  134  8:46  Queen  
  136  8:49  Drone  
  136  8:50  Drone x7  
  136  8:51  Hydralisk x2  
  148  9:09  Roach  
  150  9:10  Roach x7  
  164  9:19  Roach  
  164  9:20  Roach x3  
  172  9:32  Roach x10  
  172  9:33  Roach  
  194  9:39  Roach x3  
  194  9:44  Glial Reconstitution  
  190  10:04  Roach  
  190  10:05  Roach x8  
  194  10:15  Roach x3  
  191  10:32  Hydralisk x2  
  191  10:33  Hydralisk x2  
  197  10:45  Hydralisk x2  
  199  10:55  Hydralisk  
  199  11:04  Hydralisk  
  197  11:06  Roach x2  
  177  11:34  Queen, Hatchery  
  177  11:36  Hatchery  
  173  11:43  Roach  
  173  11:44  Roach x15  
  173  11:45  Roach x2  
  197  11:48  Hatchery  
  186  11:59  Zergling x2  
  186  12:00  Zergling x8  
  187  12:07  Hydralisk  
  187  12:08  Hydralisk x7  
  185  12:09  Hydralisk  
Show
View Real Time Build Order
Export as new Build Order

robbygold Protoss 

Build Orders: 1 Gate Expand, Colossus Rush 

Get SALT Encoding   

  12  0:01  Probe (Chrono Boost)  
  13  0:12  Probe (Chrono Boost)  
  14  0:26  Probe (Chrono Boost)  
  14  0:27  Pylon  
  15  0:45  Probe (Chrono Boost)  
  15  0:49  Gateway  
  16  0:56  Probe (Chrono Boost)  
  17  1:07  Probe (Chrono Boost)  
  18  1:13  Assimilator  
  18  1:18  Probe (Chrono Boost)  
  19  1:29  Probe (Chrono Boost)  
  20  1:36  Nexus  
  20  1:41  Probe (Chrono Boost)  
  21  1:51  Probe (Chrono Boost)  
  21  1:52  Cybernetics Core  
  22  1:56  Pylon  
  22  2:05  Assimilator  
  22  2:14  Probe (Chrono Boost), Zealot  
  25  2:27  Probe (Chrono Boost)  
  26  2:39  Probe (Chrono Boost)  
  26  2:42  Pylon  
  27  2:46  Stalker  
  27  2:49  Probe (Chrono Boost)  
  30  2:52  Probe (Chrono Boost)  
  31  2:59  Probe (Chrono Boost)  
  31  3:03  Probe (Chrono Boost)  
  33  3:06  Warp Gate  
  33  3:10  Probe (Chrono Boost)  
  34  3:17  Robotics Facility  
  34  3:19  Probe (Chrono Boost)  
  35  3:20  Probe (Chrono Boost)  
  36  3:30  Probe (Chrono Boost)  
  36  3:31  Probe (Chrono Boost), Stalker  
  40  3:40  Probe (Chrono Boost)  
  41  3:41  Probe (Chrono Boost)  
  42  3:52  Probe (Chrono Boost)  
  43  4:04  Stalker  
  43  4:06  Warp Prism  
  47  4:10  Robotics Bay  
  47  4:26  Probe (Chrono Boost)  
  47  4:29  Probe (Chrono Boost)  
  49  4:36  Forge  
  49  4:37  Probe (Chrono Boost)  
  50  4:40  Probe (Chrono Boost)  
  50  4:42  Assimilator  
  50  4:44  Assimilator  
  51  4:48  Probe (Chrono Boost)  
  51  4:50  Probe (Chrono Boost)  
  53  4:58  Pylon  
  53  4:59  Extended Thermal Lance (Chrono Boost)  
  53  5:01  Probe (Chrono Boost)  
  54  5:16  Colossus (Chrono Boost)  
  60  5:30  Probe  
  61  5:35  Pylon  
  61  5:41  Pylon  
  61  5:42  Probe  
  62  5:51  Stargate  
  62  5:53  Pylon  
  62  5:55  Probe  
  62  5:56  Probe  
  64  6:06  Probe  
  64  6:07  Probe  
  66  6:19  Probe  
  66  6:22  Stargate  
  67  6:26  Stargate  
  67  7:19  Phoenix x2  
  67  7:20  Phoenix  
  73  7:32  Nexus  
  73  7:35  Pylon  
  73  7:36  Pylon  
  73  8:33  Phoenix x2  
  77  8:34  Phoenix  
  77  8:38  Fleet Beacon  
  77  8:39  Pylon  
  79  8:45  Protoss Shields Level 1  
  79  8:46  Protoss Air Weapons Level 1  
  79  8:53  Probe  
  80  9:03  Probe  
  80  9:06  Photon Cannon  
  80  9:08  Photon Cannon  
  81  9:10  Photon Cannon  
  81  9:11  Photon Cannon  
  81  9:13  Photon Cannon, Nexus  
  81  9:14  Probe  
  81  9:15  Photon Cannon, Assimilator  
  82  9:17  Photon Cannon  
  82  9:19  Photon Cannon, Assimilator  
  82  9:21  Photon Cannon  
  82  9:24  Probe  
  83  9:34  Pylon  
  83  9:35  Probe  
  84  10:04  Void Ray  
  88  10:07  Void Ray x2  
  67  10:52  Void Ray  
  67  10:53  Void Ray x2  
  61  11:18  Anion Pulse-Crystals  
  61  11:20  Probe  
  61  11:31  Probe  
  62  11:41  Probe  
  63  11:52  Probe  
  44  12:02  Probe  
Tags
 
Add a new tag
Caveats
  • Supply blocks, unpowered buildings, or Contaminate may cause inaccurate times.
  • Supply counts are checked every 10 seconds.